 Dungeon Crawl Stone Soup version 0.25-a0-447-gff83419037 (webtiles) character file.

Game seed: 15485812360879784822, levelgen mode: deterministic

226 Emblim88 the Grave Robber (level 5, 0/45 HPs)
             Began as a Deep Dwarf Necromancer on Jan 31, 2020.
             Was a Follower of Makhleb.
             Slain by a slave (5 damage)
             ... led by Pikel
             ... on level 3 of the Dungeon.
             The game lasted 00:11:16 (2725 turns).

Emblim88 the Grave Robber (Deep Dwarf Necromancer)  Turns: 2725, Time: 00:11:16

Health: 0/45       AC:  8    Str:  9 (11) XL:     5   Next: 69%
Magic:  5/7        EV: 13    Int: 15 (17) God:    Makhleb [*.....]
Gold:   76         SH:  0    Dex: 13      Spells: 4/9 levels left

rFire    . . .     SeeInvis .   n - +2 dagger (venom)
rCold    . . .     Gourm    .   (no shield)
rNeg     . . .     Faith    .   a - +0 robe
rPois    .         Spirit   .   (no helmet)
rElec    .         Reflect  .   (no cloak)
rCorr    .         Harm     .   l - +2 pair of gloves
MR       .....                  f - +0 pair of boots
Stlth    ++........             (no amulet)
HPRegen  0.00/turn              e - +2 ring of protection
MPRegen  0.10/turn              (no ring)

@: non-regenerating
A: damage resistance, heal wounds, sense surroundings 1, no regeneration
a: Heal Wounds, Renounce Religion


You were on level 3 of the Dungeon.
You worshipped Makhleb.
Makhleb was aware of your devotion.
You were hungry.

You visited 1 branch of the dungeon, and saw 4 of its levels.

You collected 76 gold pieces.

Inventory:

Hand Weapons
 n - a +2 dagger of venom (weapon)
Armour
 a - a +0 robe (worn)
 f - a +0 pair of boots (worn)
 l - a +2 pair of gloves (worn)
Jewellery
 d - an uncursed ring of see invisible {unknown}
 e - a +2 ring of protection (left hand)
Wands
 j - a wand of enslavement (11)
Scrolls
 b - a scroll of fog {unknown}
 g - a scroll of identify {unknown}
 i - a scroll of noise {unknown}
 k - 3 scrolls of remove curse {unknown}
 m - a scroll of immolation {unknown}
Potions
 h - a potion of degeneration
Comestibles
 c - 7 rations


   Skills:
 + Level 1.8 Fighting
 + Level 3.4 Dodging
 + Level 3.1 Stealth
 + Level 2.6 Spellcasting
 + Level 5.2 Necromancy
 + Level 0.2 Fire Magic
 + Level 1.7 Invocations
 + Level 1.8 Evocations


You had 4 spell levels left.
You knew the following spells:

 Your Spells              Type           Power        Failure   Level  Hunger
a - Pain                  Necr           ###.         2%          1    #......
b - Vampiric Draining     Necr           ###.......   8%          3    ###....
c - Foxfire               Conj/Fire      #...         21%         1    #......

Your spell library contained the following spells:

 Spells                   Type           Power        Failure   Level  Hunger
 Animate Skeleton         Necr           N/A          2%          1    #......
 Animate Dead             Necr           N/A          24%         4    #####..
 Conjure Flame            Conj/Fire      #.......     52%         3    ###....
 Inner Flame              Hex/Fire       #.......     52%         3    ###....
 Sticky Flame             Conj/Fire      #.......     89%         4    #####..
 Agony                    Necr           ###.....     56%         5    ######.
 Fireball                 Conj/Fire      #.........   99%         5    ######.


Dungeon Overview and Level Annotations

Branches:
Dungeon (4/15)
 Temple: D:4-7

Altars:
Ashenzari
Cheibriados
Elyvilon
Makhleb
Nemelex Xobeh
Wu Jian

Annotations:
D:3 Pikel


Innate Abilities, Weirdness & Mutations

You are resistant to damage.
You can heal yourself by infusing magical energy.
You passively map a small area around you.
You do not regenerate.


Message History

You are feeling hungry.
The slave barely misses you. x2
Pikel hits you with a +2 whip of electrocution.
You are electrocuted!
You hit Pikel.
Pikel is poisoned.
Pikel is lightly wounded.
The slave hits you. x2
* * * LOW HITPOINT WARNING * * *
Pikel hits you with a +2 whip of electrocution!
* * * LOW HITPOINT WARNING * * *
You hit Pikel but do no damage.
Pikel is lightly wounded.
The slave completely misses you. The slave hits you but does no damage.
Pikel hits you but does no damage. The slave closely misses you.
Pikel hits you with a +2 whip of electrocution.
* * * LOW HITPOINT WARNING * * *
You fail to use your ability.
The slave completely misses you. The slave hits you!
You die...

#.......# #.#######.#.......#
#.##.##.###.#### #.#########
#.##.##.#......# #.# ##...##
#.##......#.##.####(# ##.....##
###.#####.#...........# #.......#
.##.#####.#........#### #........
.##.......#........# #.......#
.......####....ppK.# ##.....##
.#####.# ####.†@..# ##...###
.#####.# ##...##########..).>
.##..).# #...# #.........##.
.......# #...# #.......<..#.
.##....# ######...###........†.#.
.###.#.###.....................#.
.................................
.#...#.#.#....................##.
.#.....#.######...###.........##.


You could see Pikel and 2 slaves.

Vanquished Creatures
  2 slaves (D:3)
  A phantom (D:3)
  5 adders
  3 oozes
  A worm (D:2)
  2 dart slugs (D:2)
  2 leopard geckos (D:2)
  3 orcs (D:3)
  4 giant cockroaches
  8 goblins
  7 hobgoblins
  7 kobolds
  2 quokkas (D:3)
  13 bats
  7 frilled lizards
  7 rats
74 creatures vanquished.

Notes
Turn   | Place    | Note
-------+----------+-------------------------------------------
     0 | D:1      | Emblim88 the Deep Dwarf Necromancer began the quest for the
                  | Orb.
     0 | D:1      | Reached XP level 1. HP: 15/15 MP: 3/3
   284 | D:1      | Reached XP level 2. HP: 24/24 MP: 0/4
   910 | D:1      | Reached skill level 1 in Fighting
  1134 | D:2      | Reached XP level 3. HP: 31/31 MP: 1/6
  1188 | D:2      | Learned a level 3 spell: Vampiric Draining
  1426 | D:2      | Found a sparkling altar of Nemelex Xobeh.
  1450 | D:2      | Found a burning altar of Makhleb.
  1453 | D:2      | Found a white marble altar of Elyvilon.
  1456 | D:2      | Found a snail-covered altar of Cheibriados.
  1471 | D:2      | Became a worshipper of Makhleb the Destroyer
  1693 | D:2      | Reached XP level 4. HP: 34/38 MP: 7/7
  1791 | D:2      | Found an ornate altar of the Wu Jian Council.
  1791 | D:2      | Found a shattered altar of Ashenzari.
  2076 | D:3      | Reached skill level 5 in Necromancy
  2092 | D:3      | Reached * piety under Makhleb
  2151 | D:3      | Reached skill level 1 in Evocations
  2216 | D:3      | Noticed a phantom
  2358 | D:3      | Killed a phantom
  2358 | D:3      | Reached skill level 1 in Invocations
  2358 | D:3      | Reached XP level 5. HP: 39/45 MP: 8/8
  2371 | D:3      | Learned a level 1 spell: Foxfire
  2634 | D:4      | Noticed Pikel
  2634 | D:4      | Noticed a slave
  2634 | D:4      | Noticed a slave
  2634 | D:4      | Noticed a slave
  2636 | D:4      | Noticed a slave
  2659 | D:3      | Killed a slave
  2669 | D:3      | Killed a slave
  2725 | D:3      | Slain by a slave

Levels and vault maps discovered:
D:1:      nicolae_arrival_somewhat_less_tricky_arrival, layout_basic
D:2:      layout_rooms, grunt_temple_overflow_cloverleaf,
          gammafunk_temple_overflow_statue, first_ration
D:3:      layout_loops_cross
D:4:      layout_loops_cross, minmay_temple_entry_arrows, serial_shops,
          kennysheep_little_box, uniq_blork_the_orc, uniq_sigmund, uniq_robin,
          uniq_pikel

Skill      XL: |  1  2  3  4 |
---------------+-------------+-----
Spellcasting   | 2 |  2.6
Fighting       | 1 |  1.8
Dodging        | 3 |  3.4
Necromancy     | 5 |  5.2
Evocations     | 1 |  1.8
Stealth        | 3 |  3.1
Invocations    | 1 |  1.7
Fire Magic     | |  0.2

Action                   |  1- 3 |  4- 6 || total
-------------------------+-------+-------++-------
Melee: Dagger            |   109 |   112 ||   221
       Unarmed           |     1 |       ||     1
 Cast: Pain              |    58 |     1 ||    59
       Vampiric Draining |       |    11 ||    11
 Abil: Heal Wounds       |     1 |     2 ||     3
  Use: Potion            |       |     3 ||     3
 Stab: Sleeping          |     2 |     5 ||     7
  Eat: Chunk             |     4 |     4 ||     8
Armor: Robe              |    33 |    33 ||    66
Dodge: Dodged            |   103 |    84 ||   187

Table legend:
 A = Non-vault XP
 B = Vault XP
 C = Vault XP percentage of total XP
 D = Non-vault monster count
 E = Vault monster count
 F = Vault count percentage of total count
                 A         B        C        D         E       F
            +---------+---------+-------+---------+---------+-------
      Total |     323 |       0 |   0.0 |      72 |       0 |   0.0
            +---------+---------+-------+---------+---------+-------
        D:1 |      36 |       0 |   0.0 |      20 |       0 |   0.0
        D:2 |      95 |       0 |   0.0 |      30 |       0 |   0.0
        D:3 |     192 |       0 |   0.0 |      22 |       0 |   0.0
            +---------+---------+-------+---------+---------+-------
